Workbook

Sheet 様式第6号（実績報告書）
C1: 様式第６号（第９条関係）
B4: 埼玉県中小企業省力化支援事業補助金 実績報告書
X8: 令和 | AA8: 年 | AD8: 月 | AG8: 日 | AJ8: =X8&Z8&AA8&AB8&AD8&AE8&AG8 -> 令和年月日
D10: 埼玉県知事
J13: 申請者 | N13: 住所 | T13: ='様式第12号の2（結果報告書）'!M10 -> 0
N15: 法人名又は屋号 | T15: ='様式第12号の2（結果報告書）'!M6 -> 0
N16: 代表者職・氏名 | T16: ='様式第12号の2（結果報告書）'!O9&" "&'様式第12号の2（結果報告書）'!Y9
D19: 令和 | G19: 年 | I19: 月 | L19: 日付け経金第 | U19: 号で交付決定の通知を受けた
C20: 補助事業が完了しましたので、埼玉県中小企業省力化支援事業補助金交付
C21: 要綱第９条の規定により、関係書類を添えて、下記のとおり報告します。
B23: 記
C25: １ | D25: 補助事業の内容
D26: 別添のとおり
C28: ２ | D28: 補助事業の区分
D29: ※該当区分を選択 | AJ29: =IF(D31="○","新規導入",IF(D32="○","新規導入",IF(D33="○","新規導入",IF(D34="○","設備更新",IF(D35="○","設備更新",IF(D36="○","設備更新")))))) -> FALSE
D30: 選択 | E30: 事業区分 | J30: 要件 | R30: 補助率・補助額 | AJ30: =IF(D31="○","人手不足",IF(D32="○","賃上げ",IF(D33="○","人手不足＋賃上げ",IF(D34="○","人手不足",IF(D35="○","賃上げ",IF(D36="○","人手不足＋賃上げ")))))) -> FALSE
E31: 新規導入 | J31: 人手不足 | R31: 補助率2/3以内、補助額15万円～1,000万円
E32: 新規導入 | J32: 賃上げ | R32: 補助率4/5以内、補助額15万円～1,200万円
E33: 新規導入 | J33: 人手不足＋賃上げ
E34: 設備更新 | J34: 人手不足 | R34: 補助率2/3以内、補助額15万円～1,000万円
E35: 設備更新 | J35: 賃上げ | R35: 補助率4/5以内、補助額15万円～1,200万円
E36: 設備更新 | J36: 人手不足＋賃上げ
C38: ３ | D38: 補助事業に要した経費
D39: 金 | F39: =IF(OR('様式第12号の2（結果報告書）'!AA192="",'様式第12号の2（結果報告書）'!AA192=0),"",'様式第12号の2（結果報告書）'!AA192) | M39: 円

Sheet 様式第12号の2（結果報告書）
B1: 様式第１２号の２（第７条関係）
B2: 埼玉県中小企業省力化支援事業補助金 補助事業結果報告書（設備更新）
C4: ◆ 補助事業者の概要
C5: （フリガナ） | M5: （ | AI5: ）
C6: 法人名 または 屋号 (法人の場合は株式会社等を含めた正式名称を記載)
C7: 事業形態 | U7: その他を選択した場合（ | AI7: ）
C8: 法人番号（13桁） | Z8: （個人事業主は無記入）
C9: 代表者 職名・氏名 | M9: 職名 | W9: 氏名
C10: 本社所在地 [登記簿上の本店所在地] （個人事業主の場合は住民票上の住所 ）
C11: 主たる事業所 （個人事業主の場合は主たる事務所） | M11: ＜本社所在地（個人事業主の場合は住民票上の住所）が県内にある場合は記載不要＞
C13: 補助事業を実施した 事業所の所在地 | M13: ＜本社所在地と同じ場合は記載不要＞
C15: 担当者 | I15: 氏名 | P15: 電話 | X15: メールアドレス
C17: ◆ 補助事業を実施した事業所の従業員数
C18: 役員・個人事業主 | AC18: 人
C19: 従業員 | F19: 正規従業員 | AC19: 人
F20: 非正規 従業員 (常勤換算) | I20: アルバイト・パート等で、予め解雇の予告を必要とする者 | AC20: 人
I21: 日雇い被雇用者で、１か月を超えて勤務している者 | AC21: 人
I22: ２か月以内の期間被雇用者で、当初の雇用期間を超えて勤務している者 | AC22: 人
I23: ４か月以内の季節的被雇用者で、当初の雇用期間を超えて勤務している者 | AC23: 人
I24: 試み試用期間中の者で、14日を超えて勤務している者 | AC24: 人
C25: 従業員合計 | AA25: =IF(SUM(AA19:AB24)=0,"",SUM(AA19:AB24)) | AC25: 人
C26: 合計 | AA26: =IF(SUM(AA18,AA25)=0,"",SUM(AA18,AA25)) | AC26: 人
B28: ◆ 補助事業の完了日
D29: 令和 | H29: 年 | K29: 月 | N29: 日 | AL29: =D29&F29&H29&I29&K29&L29&N29 -> 令和年月日
B31: ◆計画テーマ
B34: ◆ 本事業により更新した機器の名称・メーカー
C35: 本事業による更新前・更新後の機器の名称・メーカーを記載してください。
F36: 更新前 | U36: 更新後
C37: 機器の名称 型番 | F37: 名称 | N37: 型番 | U37: 名称 | AC37: 型番
C39: メーカー
B41: ◆ 更新前の機械装置等の取扱い
C42: いずれか１つに○を記載し、備考欄に必要事項を記載してください。
C43: 選択欄 | D43: 取扱い | I43: 備考
D44: 売却 | I44: 売却日 | O44: 令和 | S44: 年 | V44: 月 | Y44: 日 | AL44: =O44&Q44&S44&T44&V44&W44&Y44 -> 令和年月日
D45: 廃棄 | I45: 廃棄日 | O45: 令和 | S45: 年 | V45: 月 | Y45: 日 | AL45: =O45&Q45&S45&T45&V45&W45&Y45 -> 令和年月日
D46: 他業務に転用 | I46: 転用先の業務内容 | O46: （ | AI46: ）
D47: その他 | I47: その他の内容 | O47: （ | AI47: ）
B50: １ 補助事業の実績、成果
B51: （１）省力化の効果
C52: 補助事業実施前の状況と、補助事業の実施によって実現した省力化の効果の詳細を記載してください。
C53: 事業実施前の 状況 | E53: （400字以内）※自社の事業で、事業実施前にどの業務プロセスで省力化が必要だったのか分かるように記載してください。 | AG53: =LEN(SUBSTITUTE(E54,CHAR(10),"")) -> 0 | AI53: 字
C58: 事業実施後の 省力化の効果 | E58: （400字以内）※事業実施により実現した省力化の効果（残業時間の減少、人手不足の緩和、人員の効率的な配置や高付加価値業務へのシフト等）を具体的に記載してください。 | AG58: =LEN(SUBSTITUTE(E59,CHAR(10),"")) -> 0 | AI58: 字
B64: （２）削減労働時間
C65: 補助事業を実施した事業所全体の一月当たりの削減労働時間及び積算根拠の実績を記載してください。
C66: 【積算根拠（実績）】
C67: 事業 実施前 実績 （a） | G67: 業務に要した時間 | M67: ※本補助事業の対象とした業務の補助事業実施前の労働時間（月間）の積算根拠を記載してください。
K68: 時間
C73: 事業 実施後 実績 （b） | G73: 業務に要した時間 | M73: ※本補助事業の対象とした業務の補助事業事業実施後の労働時間（月間）の積算根拠を記載してください。
K74: 時間
C79: 【削減労働時間】
C80: 削減労働時間 【月間】 （ａ－ｂ） | G80: =IF(G68="","",ROUND(G68-G74,2)) | K80: 時間 | M80: １人当たり削減労働時間 | U80: =IFERROR(ROUND(P81/Z81,2),"") | Z80: 時間/人
M81: 事業所全体 | P81: =G80 | S81: 時間 | U81: ÷ | V81: 事業所従業員 | Z81: =AA26 | AB81: 人
C83: 申請時、実施計画書（様式第9号）に記載した一月当たりの削減労働時間を記載してください。
C84: 【計画】 削減労働時間 | K84: 時間 | M84: 計画達成 状況 | P84: =IF(G84="","",G80-G84)
C87: ・計画時の削減労働時間未達成の理由（未達成の場合のみ記載）
C88: 下記「達成状況」枠内に「未達成」と表示されている場合（計画時の削減労働時間が未達成の場合）、その理由を記載してください。
C89: 達成状況 | F89: 計画未達成の理由
C90: =_xlfn.IFS(G84="","",P84>=0,"達成",P84<0,"未達成")
B93: （３）その他の効果（経営体質の改善） | C93: （３）その他の効果（500字以内） | AG93: =LEN(SUBSTITUTE(C95,CHAR(10),"")) -> 0 | AI93: 字
C94: ※省力化により、経営体質が改善し、どのくらい売上高や売上総利益、営業利益等の増加や人件費を削減等できたのかを具体的に記載してください。
B102: ２ 支出明細書
C103: ※中古製品の場合は「製品の名称」欄に「（中古）」と付記してください。 | AF103: 単位：円
C104: 経費区分 | G104: 製品名称等 | M104: 支払先 | R104: 見積書 | U104: 発注書 | X104: 納品書 | AA104: 請求書 | AD104: 支払いを 証する書類 | AG104: 支払方法
C105: ア． 機器導入費 | F105: 1
F107: 2
F109: 3
F111: 4
F113: 5
AD115: =SUM(AD105,AD107,AD109,AD111,AD113) -> 0
C116: イ． リース、レンタル、クラウド、サブスクリプション等 利用料 | F116: 1
F118: 2
F120: 3
F122: 4
F124: 5
AD126: =SUM(AD116,AD118,AD120,AD122,AD124) -> 0
C127: ウ． 設置 作業費 | F127: 1
F129: 2
F131: 3
F133: 4
F135: 5
AD137: =SUM(AD127,AD129,AD131,AD133,AD135) -> 0
C138: エ． 運搬費 | F138: 1
F140: 2
F142: 3
F144: 4
F146: 5
AD148: =SUM(AD138,AD140,AD142,AD144,AD146) -> 0
C149: オ． 動作確認、設定費用 | F149: 1
F151: 2
F153: 3
F155: 4
F157: 5
AD159: =SUM(AD149,AD151,AD153,AD155,AD157) -> 0
C160: カ． 導入 サポート費 | F160: 1
F162: 2
F164: 3
F166: 4
F168: 5
AD170: =SUM(AD160,AD162,AD164,AD166,AD168) -> 0
C171: キ． その他 （撤去・廃棄費用を含む） | F171: 1
...

Sheet ×編集不可×
B1: 実績報告日 | C1: 事業者名 | D1: フリガナ | E1: 事業形態 | F1: その他の形態 | G1: 法人番号 | H1: 代表者職名 | I1: 代表者氏名 | J1: 本社所在地 | K1: 主たる事務所 | L1: 補助事業実施事業所 | M1: 担当者氏名 | N1: 電話番号 | O1: メールアドレス | P1: 補助事業の区分 | Q1: 要件 | R1: 経費 | S1: 役員・個人事業主 | T1: 正規従業員 | U1: アルバイト・パート等で、予め解雇の予告を必要とする者 | V1: 日雇い被雇用者で、１か月を超えて勤務している者 | W1: ２か月以内の期間被雇用者で、当初の雇用期間を超えて勤務している者 | X1: ４か月以内の季節的被雇用者で、当初の雇用期間を超えて勤務している者 | Y1: 試み試用期間中の者で、14日を超えて勤務している者 | Z1: 常時使用する従業員合計 | AA1: 合計 | AB1: 事業完了日 | AC1: 計画テーマ | AD1: 更新前機器 | AE1: 型番 | AF1: メーカー | AG1: 更新後機器 | AH1: 型番 | AI1: メーカー | AJ1: 更新前機械装置等の取扱い | AK1: 備考 | AL1: 実施前の状況 | AM1: 実施後の効果 | AN1: 実施前所要時間 | AO1: 実施前根拠 | AP1: 実施後所要時間 | AQ1: 実施後根拠 | AR1: 削減労働時間 | AS1: 1人当たり | AT1: 計画時削減労働時間 | AU1: 計画比 | AV1: 達成状況 | AW1: 未達成の理由 | AX1: その他の効果 | AY1: 製品名称等 | AZ1: 支払先 | BA1: 見積書金額 | BB1: 見積書日付 | BC1: 発注書金額 | BD1: 発注書日付 | BE1: 納品書金額 | BF1: 納品書日付 | BG1: 請求書金額 | BH1: 請求書日付 | BI1: 支払金額 | BJ1: 支払日付 | BK1: 支払方法 | BL1: 製品名称等 | BM1: 支払先 | BN1: 見積書金額 | BO1: 見積書日付 | BP1: 発注書金額 | BQ1: 発注書日付 | BR1: 納品書金額 | BS1: 納品書日付 | BT1: 請求書金額 | BU1: 請求書日付 | BV1: 支払金額 | BW1: 支払日付 | BX1: 支払方法 | BY1: 製品名称等 | BZ1: 支払先 | CA1: 見積書金額 | CB1: 見積書日付 | CC1: 発注書金額 | CD1: 発注書日付 | CE1: 納品書金額 | CF1: 納品書日付 | CG1: 請求書金額 | CH1: 請求書日付 | CI1: 支払金額 | CJ1: 支払日付 | CK1: 支払方法 | CL1: 製品名称等 | CM1: 支払先 | CN1: 見積書金額 | CO1: 見積書日付 | CP1: 発注書金額 | CQ1: 発注書日付 | CR1: 納品書金額 | CS1: 納品書日付 | CT1: 請求書金額 | CU1: 請求書日付 | CV1: 支払金額 | CW1: 支払日付 | CX1: 支払方法 | CY1: 製品名称等 | CZ1: 支払先 | DA1: 見積書金額 | DB1: 見積書日付 | DC1: 発注書金額 | DD1: 発注書日付 | DE1: 納品書金額 | DF1: 納品書日付 | DG1: 請求書金額 | DH1: 請求書日付 | DI1: 支払金額 | DJ1: 支払日付 | DK1: 支払方法 | DL1: 製品名称等 | DM1: 支払先 | DN1: 見積書金額 | DO1: 見積書日付 | DP1: 発注書金額 | DQ1: 発注書日付 | DR1: 納品書金額 | DS1: 納品書日付 | DT1: 請求書金額 | DU1: 請求書日付 | DV1: 支払金額 | DW1: 支払日付 | DX1: 支払方法 | DY1: 製品名称等 | DZ1: 支払先 | EA1: 見積書金額 | EB1: 見積書日付 | EC1: 発注書金額 | ED1: 発注書日付 | EE1: 納品書金額 | EF1: 納品書日付 | EG1: 請求書金額 | EH1: 請求書日付 | EI1: 支払金額 | EJ1: 支払日付 | EK1: 支払方法 | EL1: 製品名称等 | EM1: 支払先 | EN1: 見積書金額 | EO1: 見積書日付 | EP1: 発注書金額 | EQ1: 発注書日付 | ER1: 納品書金額 | ES1: 納品書日付 | ET1: 請求書金額 | EU1: 請求書日付 | EV1: 支払金額 | EW1: 支払日付 | EX1: 支払方法 | EY1: 製品名称等 | EZ1: 支払先 | FA1: 見積書金額 | FB1: 見積書日付 | FC1: 発注書金額 | FD1: 発注書日付 | FE1: 納品書金額 | FF1: 納品書日付 | FG1: 請求書金額 | FH1: 請求書日付 | FI1: 支払金額 | FJ1: 支払日付 | FK1: 支払方法 | FL1: 製品名称等 | FM1: 支払先 | FN1: 見積書金額 | FO1: 見積書日付 | FP1: 発注書金額 | FQ1: 発注書日付 | FR1: 納品書金額 | FS1: 納品書日付 | FT1: 請求書金額 | FU1: 請求書日付 | FV1: 支払金額 | FW1: 支払日付 | FX1: 支払方法 | FY1: 製品名称等 | FZ1: 支払先 | GA1: 見積書金額 | GB1: 見積書日付 | GC1: 発注書金額 | GD1: 発注書日付 | GE1: 納品書金額 | GF1: 納品書日付 | GG1: 請求書金額 | GH1: 請求書日付 | GI1: 支払金額 | GJ1: 支払日付 | GK1: 支払方法 | GL1: 製品名称等 | GM1: 支払先 | GN1: 見積書金額 | GO1: 見積書日付 | GP1: 発注書金額 | GQ1: 発注書日付 | GR1: 納品書金額 | GS1: 納品書日付 | GT1: 請求書金額 | GU1: 請求書日付 | GV1: 支払金額 | GW1: 支払日付 | GX1: 支払方法 | GY1: 製品名称等 | GZ1: 支払先 | HA1: 見積書金額 | HB1: 見積書日付 | HC1: 発注書金額 | HD1: 発注書日付 | HE1: 納品書金額 | HF1: 納品書日付 | HG1: 請求書金額 | HH1: 請求書日付 | HI1: 支払金額 | HJ1: 支払日付 | HK1: 支払方法 | HL1: 製品名称等 | HM1: 支払先 | HN1: 見積書金額 | HO1: 見積書日付 | HP1: 発注書金額 | HQ1: 発注書日付 | HR1: 納品書金額 | HS1: 納品書日付 | HT1: 請求書金額 | HU1: 請求書日付 | HV1: 支払金額 | HW1: 支払日付 | HX1: 支払方法 | HY1: 製品名称等 | HZ1: 支払先 | IA1: 見積書金額 | IB1: 見積書日付 | IC1: 発注書金額 | ID1: 発注書日付 | IE1: 納品書金額 | IF1: 納品書日付 | IG1: 請求書金額 | IH1: 請求書日付 | II1: 支払金額 | IJ1: 支払日付 | IK1: 支払方法 | IL1: 製品名称等 | IM1: 支払先 | IN1: 見積書金額 | IO1: 見積書日付 | IP1: 発注書金額 | IQ1: 発注書日付 | IR1: 納品書金額 | IS1: 納品書日付 | IT1: 請求書金額 | IU1: 請求書日付 | IV1: 支払金額 | IW1: 支払日付 | IX1: 支払方法 | IY1: 製品名称等 | IZ1: 支払先 | JA1: 見積書金額 | JB1: 見積書日付 | JC1: 発注書金額 | JD1: 発注書日付 | JE1: 納品書金額 | JF1: 納品書日付 | JG1: 請求書金額 | JH1: 請求書日付 | JI1: 支払金額 | JJ1: 支払日付 | JK1: 支払方法 | JL1: 製品名称等 | JM1: 支払先 | JN1: 見積書金額 | JO1: 見積書日付 | JP1: 発注書金額 | JQ1: 発注書日付 | JR1: 納品書金額 | JS1: 納品書日付 | JT1: 請求書金額 | JU1: 請求書日付 | JV1: 支払金額 | JW1: 支払日付 | JX1: 支払方法 | JY1: 製品名称等 | JZ1: 支払先 | KA1: 見積書金額 | KB1: 見積書日付 | KC1: 発注書金額 | KD1: 発注書日付 | KE1: 納品書金額 | KF1: 納品書日付 | KG1: 請求書金額 | KH1: 請求書日付 | KI1: 支払金額 | KJ1: 支払日付 | KK1: 支払方法 | KL1: 製品名称等 | KM1: 支払先 | KN1: 見積書金額 | KO1: 見積書日付 | KP1: 発注書金額 | KQ1: 発注書日付 | KR1: 納品書金額 | KS1: 納品書日付 | KT1: 請求書金額 | KU1: 請求書日付 | KV1: 支払金額 | KW1: 支払日付 | KX1: 支払方法 | KY1: 製品名称等 | KZ1: 支払先 | LA1: 見積書金額 | LB1: 見積書日付 | LC1: 発注書金額 | LD1: 発注書日付 | LE1: 納品書金額 | LF1: 納品書日付 | LG1: 請求書金額 | LH1: 請求書日付 | LI1: 支払金額 | LJ1: 支払日付 | LK1: 支払方法 | LL1: 製品名称等 | LM1: 支払先 | LN1: 見積書金額 | LO1: 見積書日付 | LP1: 発注書金額 | LQ1: 発注書日付 | LR1: 納品書金額 | LS1: 納品書日付 | LT1: 請求書金額 | LU1: 請求書日付 | LV1: 支払金額 | LW1: 支払日付 | LX1: 支払方法 | LY1: 製品名称等 | LZ1: 支払先 | MA1: 見積書金額 | MB1: 見積書日付 | MC1: 発注書金額 | MD1: 発注書日付 | ME1: 納品書金額 | MF1: 納品書日付 | MG1: 請求書金額 | MH1: 請求書日付 | MI1: 支払金額 | MJ1: 支払日付 | MK1: 支払方法 | ML1: 製品名称等 | MM1: 支払先 | MN1: 見積書金額 | MO1: 見積書日付 | MP1: 発注書金額 | MQ1: 発注書日付 | MR1: 納品書金額 | MS1: 納品書日付 | MT1: 請求書金額 | MU1: 請求書日付 | MV1: 支払金額 | MW1: 支払日付 | MX1: 支払方法 | MY1: 製品名称等 | MZ1: 支払先 | NA1: 見積書金額 | NB1: 見積書日付 | NC1: 発注書金額 | ND1: 発注書日付 | NE1: 納品書金額 | NF1: 納品書日付 | NG1: 請求書金額 | NH1: 請求書日付 | NI1: 支払金額 | NJ1: 支払日付 | NK1: 支払方法 | NL1: 製品名称等 | NM1: 支払先 | NN1: 見積書金額 | NO1: 見積書日付 | NP1: 発注書金額 | NQ1: 発注書日付 | NR1: 納品書金額 | NS1: 納品書日付 | NT1: 請求書金額 | NU1: 請求書日付 | NV1: 支払金額 | NW1: 支払日付 | NX1: 支払方法 | NY1: 製品名称等 | NZ1: 支払先 | OA1: 見積書金額 | OB1: 見積書日付 | OC1: 発注書金額 | OD1: 発注書日付 | OE1: 納品書金額 | OF1: 納品書日付 | OG1: 請求書金額 | OH1: 請求書日付 | OI1: 支払金額 | OJ1: 支払日付 | OK1: 支払方法 | OL1: 製品名称等 | OM1: 支払先 | ON1: 見積書金額 | OO1: 見積書日付 | OP1: 発注書金額 | OQ1: 発注書日付 | OR1: 納品書金額 | OS1: 納品書日付 | OT1: 請求書金額 | OU1: 請求書日付 | OV1: 支払金額 | OW1: 支払日付 | OX1: 支払方法 | OY1: 製品名称等 | OZ1: 支払先 | PA1: 見積書金額 | PB1: 見積書日付 | PC1: 発注書金額 | PD1: 発注書日付 | PE1: 納品書金額 | PF1: 納品書日付 | PG1: 請求書金額 | PH1: 請求書日付 | PI1: 支払金額 | PJ1: 支払日付 | PK1: 支払方法 | PL1: 製品名称等 | PM1: 支払先 | PN1: 見積書金額 | PO1: 見積書日付 | PP1: 発注書金額 | PQ1: 発注書日付 | PR1: 納品書金額 | PS1: 納品書日付 | PT1: 請求書金額 | PU1: 請求書日付 | PV1: 支払金額 | PW1: 支払日付 | PX1: 支払方法 | PY1: 製品名称等 | PZ1: 支払先 | QA1: 見積書金額 | QB1: 見積書日付 | QC1: 発注書金額 | QD1: 発注書日付 | QE1: 納品書金額 | QF1: 納品書日付 | QG1: 請求書金額 | QH1: 請求書日付 | QI1: 支払金額 | QJ1: 支払日付 | QK1: 支払方法 | QL1: 製品名称等 | QM1: 支払先 | QN1: 見積書金額 | QO1: 見積書日付 | QP1: 発注書金額 | QQ1: 発注書日付 | QR1: 納品書金額 | QS1: 納品書日付 | QT1: 請求書金額 | QU1: 請求書日付 | QV1: 支払金額 | QW1: 支払日付 | QX1: 支払方法 | QY1: 製品名称等 | QZ1: 支払先 | RA1: 見積書金額 | RB1: 見積書日付 | RC1: 発注書金額 | RD1: 発注書日付 | RE1: 納品書金額 | RF1: 納品書日付 | RG1: 請求書金額 | RH1: 請求書日付 | RI1: 支払金額 | RJ1: 支払日付 | RK1: 支払方法 | RL1: 製品名称等 | RM1: 支払先 | RN1: 見積書金額 | RO1: 見積書日付 | RP1: 発注書金額 | RQ1: 発注書日付 | RR1: 納品書金額 | RS1: 納品書日付 | RT1: 請求書金額 | RU1: 請求書日付 | RV1: 支払金額 | RW1: 支払日付 | RX1: 支払方法 | RY1: 製品名称等 | RZ1: 支払先 | SA1: 見積書金額 | SB1: 見積書日付 | SC1: 発注書金額 | SD1: 発注書日付 | SE1: 納品書金額 | SF1: 納品書日付 | SG1: 請求書金額 | SH1: 請求書日付 | SI1: 支払金額 | SJ1: 支払日付 | SK1: 支払方法 | SL1: ア・イ合計 | SM1: ウ～キ合計 | SN1: 合計 | SO1: 1/2判定 | SP1: 対象経費 | SQ1: 補助額（3/4） | SR1: 補助額（4/5）
B2: ='様式第6号（実績報告書）'!AJ8 -> 令和年月日 | C2: ='様式第12号の2（結果報告書）'!M6 -> 0 | D2: ='様式第12号の2（結果報告書）'!N5 -> 0 | E2: ='様式第12号の2（結果報告書）'!M7 -> 0 | F2: ='様式第12号の2（結果報告書）'!AA7 -> 0 | G2: ='様式第12号の2（結果報告書）'!M8 -> 0 | H2: ='様式第12号の2（結果報告書）'!O9 -> 0 | I2: ='様式第12号の2（結果報告書）'!Y9 -> 0 | J2: ='様式第12号の2（結果報告書）'!M10 -> 0 | K2: ='様式第12号の2（結果報告書）'!M12 -> 0 | L2: ='様式第12号の2（結果報告書）'!M14 -> 0 | M2: ='様式第12号の2（結果報告書）'!K15 -> 0 | N2: ='様式第12号の2（結果報告書）'!R15 -> 0 | O2: ='様式第12号の2（結果報告書）'!AA15 -> 0 | P2: ='様式第6号（実績報告書）'!AJ29 -> FALSE | Q2: ='様式第6号（実績報告書）'!AJ30 -> FALSE | R2: ='様式第6号（実績報告書）'!F39 | S2: ='様式第12号の2（結果報告書）'!AA18 -> 0 | T2: ='様式第12号の2（結果報告書）'!AA19 -> 0 | U2: ='様式第12号の2（結果報告書）'!AA20 -> 0 | V2: ='様式第12号の2（結果報告書）'!AA21 -> 0 | W2: ='様式第12号の2（結果報告書）'!AA22 -> 0 | X2: ='様式第12号の2（結果報告書）'!AA23 -> 0 | Y2: ='様式第12号の2（結果報告書）'!AA24 -> 0 | Z2: ='様式第12号の2（結果報告書）'!AA25 | AA2: ='様式第12号の2（結果報告書）'!AA26 | AB2: ='様式第12号の2（結果報告書）'!AL29 -> 令和年月日 | AC2: ='様式第12号の2（結果報告書）'!C32 -> 0 | AD2: ='様式第12号の2（結果報告書）'!F38 -> 0 | AE2: ='様式第12号の2（結果報告書）'!N38 -> 0 | AF2: ='様式第12号の2（結果報告書）'!F39 -> 0 | AG2: ='様式第12号の2（結果報告書）'!U38 -> 0 | AH2: ='様式第12号の2（結果報告書）'!AC38 -> 0 | AI2: ='様式第12号の2（結果報告書）'!U39 -> 0 | AJ2: =IF('様式第12号の2（結果報告書）'!C44="○",'様式第12号の2（結果報告書）'!D44,(IF('様式第12号の2（結果報告書）'!C45="○",'様式第12号の2（結果報告書）'!D45,IF('様式第12号の2（結果報告書）'!C46="○",'様式第12号の2（結果報告書）'!D46,IF('様式第12号の2（結果報告書）'!C47="○",'様式第12号の2（結果報告書）'!D47,""))))) | AK2: =IF('様式第12号の2（結果報告書）'!C44="○",'様式第12号の2（結果報告書）'!AL44,(IF('様式第12号の2（結果報告書）'!C45="○",'様式第12号の2（結果報告書）'!AL45,IF('様式第12号の2（結果報告書）'!C46="○",'様式第12号の2（結果報告書）'!P46,IF('様式第12号の2（結果報告書）'!C47="○",'様式第12号の2（結果報告書）'!P47,""))))) | AL2: ='様式第12号の2（結果報告書）'!E54 -> 0 | AM2: ='様式第12号の2（結果報告書）'!E59 -> 0 | AN2: ='様式第12号の2（結果報告書）'!G68 -> 0 | AO2: ='様式第12号の2（結果報告書）'!M68 -> 0 | AP2: ='様式第12号の2（結果報告書）'!G74 -> 0 | AQ2: ='様式第12号の2（結果報告書）'!M74 -> 0 | AR2: ='様式第12号の2（結果報告書）'!G80 | AS2: ='様式第12号の2（結果報告書）'!U80 | AT2: ='様式第12号の2（結果報告書）'!G84 -> 0 | AU2: ='様式第12号の2（結果報告書）'!P84 | AV2: ='様式第12号の2（結果報告書）'!C90 | AW2: ='様式第12号の2（結果報告書）'!F90 -> 0 | AX2: ='様式第12号の2（結果報告書）'!C95 -> 0 | AY2: ='様式第12号の2（結果報告書）'!G105 -> 0 | AZ2: ='様式第12号の2（結果報告書）'!M105 -> 0 | BA2: ='様式第12号の2（結果報告書）'!R105 -> 0 | BB2: ='様式第12号の2（結果報告書）'!R106 -> 0 | BC2: ='様式第12号の2（結果報告書）'!U105 -> 0 | BD2: ='様式第12号の2（結果報告書）'!U106 -> 0 | BE2: ='様式第12号の2（結果報告書）'!X105 -> 0 | BF2: ='様式第12号の2（結果報告書）'!X106 -> 0 | BG2: ='様式第12号の2（結果報告書）'!AA105 -> 0 | BH2: ='様式第12号の2（結果報告書）'!AA106 -> 0 | BI2: ='様式第12号の2（結果報告書）'!AD105 -> 0 | BJ2: ='様式第12号の2（結果報告書）'!AD106 -> 0 | BK2: ='様式第12号の2（結果報告書）'!AG105 -> 0 | BL2: ='様式第12号の2（結果報告書）'!G107 -> 0 | BM2: ='様式第12号の2（結果報告書）'!M107 -> 0 | BN2: ='様式第12号の2（結果報告書）'!R107 -> 0 | BO2: ='様式第12号の2（結果報告書）'!R108 -> 0 | BP2: ='様式第12号の2（結果報告書）'!U107 -> 0 | BQ2: ='様式第12号の2（結果報告書）'!U108 -> 0 | BR2: ='様式第12号の2（結果報告書）'!X107 -> 0 | BS2: ='様式第12号の2（結果報告書）'!X108 -> 0 | BT2: ='様式第12号の2（結果報告書）'!AA107 -> 0 | BU2: ='様式第12号の2（結果報告書）'!AA108 -> 0 | BV2: ='様式第12号の2（結果報告書）'!AD107 -> 0 | BW2: ='様式第12号の2（結果報告書）'!AD108 -> 0 | BX2: ='様式第12号の2（結果報告書）'!AG107 -> 0 | BY2: ='様式第12号の2（結果報告書）'!G109 -> 0 | BZ2: ='様式第12号の2（結果報告書）'!M109 -> 0 | CA2: ='様式第12号の2（結果報告書）'!R109 -> 0 | CB2: ='様式第12号の2（結果報告書）'!R110 -> 0 | CC2: ='様式第12号の2（結果報告書）'!U109 -> 0 | CD2: ='様式第12号の2（結果報告書）'!U110 -> 0 | CE2: ='様式第12号の2（結果報告書）'!X109 -> 0 | CF2: ='様式第12号の2（結果報告書）'!X110 -> 0 | CG2: ='様式第12号の2（結果報告書）'!AA109 -> 0 | CH2: ='様式第12号の2（結果報告書）'!AA110 -> 0 | CI2: ='様式第12号の2（結果報告書）'!AD109 -> 0 | CJ2: ='様式第12号の2（結果報告書）'!AD110 -> 0 | CK2: ='様式第12号の2（結果報告書）'!AG109 -> 0 | CL2: ='様式第12号の2（結果報告書）'!G111 -> 0 | CM2: ='様式第12号の2（結果報告書）'!M111 -> 0 | CN2: ='様式第12号の2（結果報告書）'!R111 -> 0 | CO2: ='様式第12号の2（結果報告書）'!R112 -> 0 | CP2: ='様式第12号の2（結果報告書）'!U111 -> 0 | CQ2: ='様式第12号の2（結果報告書）'!U112 -> 0 | CR2: ='様式第12号の2（結果報告書）'!X111 -> 0 | CS2: ='様式第12号の2（結果報告書）'!X112 -> 0 | CT2: ='様式第12号の2（結果報告書）'!AA111 -> 0 | CU2: ='様式第12号の2（結果報告書）'!AA112 -> 0 | CV2: ='様式第12号の2（結果報告書）'!AD111 -> 0 | CW2: ='様式第12号の2（結果報告書）'!AD112 -> 0 | CX2: ='様式第12号の2（結果報告書）'!AG111 -> 0 | CY2: ='様式第12号の2（結果報告書）'!G113 -> 0 | CZ2: ='様式第12号の2（結果報告書）'!M113 -> 0 | DA2: ='様式第12号の2（結果報告書）'!R113 -> 0 | DB2: ='様式第12号の2（結果報告書）'!R114 -> 0 | DC2: ='様式第12号の2（結果報告書）'!U113 -> 0 | DD2: ='様式第12号の2（結果報告書）'!U114 -> 0 | DE2: ='様式第12号の2（結果報告書）'!X113 -> 0 | DF2: ='様式第12号の2（結果報告書）'!X114 -> 0 | DG2: ='様式第12号の2（結果報告書）'!AA113 -> 0 | DH2: ='様式第12号の2（結果報告書）'!AA114 -> 0 | DI2: ='様式第12号の2（結果報告書）'!AD113 -> 0 | DJ2: ='様式第12号の2（結果報告書）'!AD114 -> 0 | DK2: ='様式第12号の2（結果報告書）'!AG113 -> 0 | DL2: ='様式第12号の2（結果報告書）'!G116 -> 0 | DM2: ='様式第12号の2（結果報告書）'!M116 -> 0 | DN2: ='様式第12号の2（結果報告書）'!R116 -> 0 | DO2: ='様式第12号の2（結果報告書）'!R117 -> 0 | DP2: ='様式第12号の2（結果報告書）'!U116 -> 0 | DQ2: ='様式第12号の2（結果報告書）'!U117 -> 0 | DR2: ='様式第12号の2（結果報告書）'!X116 -> 0 | DS2: ='様式第12号の2（結果報告書）'!X117 -> 0 | DT2: ='様式第12号の2（結果報告書）'!AA116 -> 0 | DU2: ='様式第12号の2（結果報告書）'!AA117 -> 0 | DV2: ='様式第12号の2（結果報告書）'!AD116 -> 0 | DW2: ='様式第12号の2（結果報告書）'!AD117 -> 0 | DX2: ='様式第12号の2（結果報告書）'!AG116 -> 0 | DY2: ='様式第12号の2（結果報告書）'!G118 -> 0 | DZ2: ='様式第12号の2（結果報告書）'!M118 -> 0 | EA2: ='様式第12号の2（結果報告書）'!R118 -> 0 | EB2: ='様式第12号の2（結果報告書）'!R119 -> 0 | EC2: ='様式第12号の2（結果報告書）'!U118 -> 0 | ED2: ='様式第12号の2（結果報告書）'!U119 -> 0 | EE2: ='様式第12号の2（結果報告書）'!X118 -> 0 | EF2: ='様式第12号の2（結果報告書）'!X119 -> 0 | EG2: ='様式第12号の2（結果報告書）'!AA118 -> 0 | EH2: ='様式第12号の2（結果報告書）'!AA119 -> 0 | EI2: ='様式第12号の2（結果報告書）'!AD118 -> 0 | EJ2: ='様式第12号の2（結果報告書）'!AD119 -> 0 | EK2: ='様式第12号の2（結果報告書）'!AG118 -> 0 | EL2: ='様式第12号の2（結果報告書）'!G120 -> 0 | EM2: ='様式第12号の2（結果報告書）'!M120 -> 0 | EN2: ='様式第12号の2（結果報告書）'!R120 -> 0 | EO2: ='様式第12号の2（結果報告書）'!R121 -> 0 | EP2: ='様式第12号の2（結果報告書）'!U120 -> 0 | EQ2: ='様式第12号の2（結果報告書）'!U121 -> 0 | ER2: ='様式第12号の2（結果報告書）'!X120 -> 0 | ES2: ='様式第12号の2（結果報告書）'!X121 -> 0 | ET2: ='様式第12号の2（結果報告書）'!AA120 -> 0 | EU2: ='様式第12号の2（結果報告書）'!AA121 -> 0 | EV2: ='様式第12号の2（結果報告書）'!AD120 -> 0 | EW2: ='様式第12号の2（結果報告書）'!AD121 -> 0 | EX2: ='様式第12号の2（結果報告書）'!AG120 -> 0 | EY2: ='様式第12号の2（結果報告書）'!G122 -> 0 | EZ2: ='様式第12号の2（結果報告書）'!M122 -> 0 | FA2: ='様式第12号の2（結果報告書）'!R122 -> 0 | FB2: ='様式第12号の2（結果報告書）'!R123 -> 0 | FC2: ='様式第12号の2（結果報告書）'!U122 -> 0 | FD2: ='様式第12号の2（結果報告書）'!U123 -> 0 | FE2: ='様式第12号の2（結果報告書）'!X122 -> 0 | FF2: ='様式第12号の2（結果報告書）'!X123 -> 0 | FG2: ='様式第12号の2（結果報告書）'!AA122 -> 0 | FH2: ='様式第12号の2（結果報告書）'!AA123 -> 0 | FI2: ='様式第12号の2（結果報告書）'!AD122 -> 0 | FJ2: ='様式第12号の2（結果報告書）'!AD123 -> 0 | FK2: ='様式第12号の2（結果報告書）'!AG122 -> 0 | FL2: ='様式第12号の2（結果報告書）'!G124 -> 0 | FM2: ='様式第12号の2（結果報告書）'!M124 -> 0 | FN2: ='様式第12号の2（結果報告書）'!R124 -> 0 | FO2: ='様式第12号の2（結果報告書）'!R125 -> 0 | FP2: ='様式第12号の2（結果報告書）'!U124 -> 0 | FQ2: ='様式第12号の2（結果報告書）'!U125 -> 0 | FR2: ='様式第12号の2（結果報告書）'!X124 -> 0 | FS2: ='様式第12号の2（結果報告書）'!X125 -> 0 | FT2: ='様式第12号の2（結果報告書）'!AA124 -> 0 | FU2: ='様式第12号の2（結果報告書）'!AA125 -> 0 | FV2: ='様式第12号の2（結果報告書）'!AD124 -> 0 | FW2: ='様式第12号の2（結果報告書）'!AD125 -> 0 | FX2: ='様式第12号の2（結果報告書）'!AG124 -> 0 | FY2: ='様式第12号の2（結果報告書）'!G127 -> 0 | FZ2: ='様式第12号の2（結果報告書）'!M127 -> 0 | GA2: ='様式第12号の2（結果報告書）'!R127 -> 0 | GB2: ='様式第12号の2（結果報告書）'!R128 -> 0 | GC2: ='様式第12号の2（結果報告書）'!U127 -> 0 | GD2: ='様式第12号の2（結果報告書）'!U128 -> 0 | GE2: ='様式第12号の2（結果報告書）'!X127 -> 0 | GF2: ='様式第12号の2（結果報告書）'!X128 -> 0 | GG2: ='様式第12号の2（結果報告書）'!AA127 -> 0 | GH2: ='様式第12号の2（結果報告書）'!AA128 -> 0 | GI2: ='様式第12号の2（結果報告書）'!AD127 -> 0 | GJ2: ='様式第12号の2（結果報告書）'!AD128 -> 0 | GK2: ='様式第12号の2（結果報告書）'!AG127 -> 0 | GL2: ='様式第12号の2（結果報告書）'!G129 -> 0 | GM2: ='様式第12号の2（結果報告書）'!M129 -> 0 | GN2: ='様式第12号の2（結果報告書）'!R129 -> 0 | GO2: ='様式第12号の2（結果報告書）'!R130 -> 0 | GP2: ='様式第12号の2（結果報告書）'!U129 -> 0 | GQ2: ='様式第12号の2（結果報告書）'!U130 -> 0 | GR2: ='様式第12号の2（結果報告書）'!X129 -> 0 | GS2: ='様式第12号の2（結果報告書）'!X130 -> 0 | GT2: ='様式第12号の2（結果報告書）'!AA129 -> 0 | GU2: ='様式第12号の2（結果報告書）'!AA130 -> 0 | GV2: ='様式第12号の2（結果報告書）'!AD129 -> 0 | GW2: ='様式第12号の2（結果報告書）'!AD130 -> 0 | GX2: ='様式第12号の2（結果報告書）'!AG129 -> 0 | GY2: ='様式第12号の2（結果報告書）'!G131 -> 0 | GZ2: ='様式第12号の2（結果報告書）'!M131 -> 0 | HA2: ='様式第12号の2（結果報告書）'!R131 -> 0 | HB2: ='様式第12号の2（結果報告書）'!R132 -> 0 | HC2: ='様式第12号の2（結果報告書）'!U131 -> 0 | HD2: ='様式第12号の2（結果報告書）'!U132 -> 0 | HE2: ='様式第12号の2（結果報告書）'!X131 -> 0 | HF2: ='様式第12号の2（結果報告書）'!X132 -> 0 | HG2: ='様式第12号の2（結果報告書）'!AA131 -> 0 | HH2: ='様式第12号の2（結果報告書）'!AA132 -> 0 | HI2: ='様式第12号の2（結果報告書）'!AD131 -> 0 | HJ2: ='様式第12号の2（結果報告書）'!AD132 -> 0 | HK2: ='様式第12号の2（結果報告書）'!AG131 -> 0 | HL2: ='様式第12号の2（結果報告書）'!G133 -> 0 | HM2: ='様式第12号の2（結果報告書）'!M133 -> 0 | HN2: ='様式第12号の2（結果報告書）'!R133 -> 0 | HO2: ='様式第12号の2（結果報告書）'!R134 -> 0 | HP2: ='様式第12号の2（結果報告書）'!U133 -> 0 | HQ2: ='様式第12号の2（結果報告書）'!U134 -> 0 | HR2: ='様式第12号の2（結果報告書）'!X133 -> 0 | HS2: ='様式第12号の2（結果報告書）'!X134 -> 0 | HT2: ='様式第12号の2（結果報告書）'!AA133 -> 0 | HU2: ='様式第12号の2（結果報告書）'!AA134 -> 0 | HV2: ='様式第12号の2（結果報告書）'!AD133 -> 0 | HW2: ='様式第12号の2（結果報告書）'!AD134 -> 0 | HX2: ='様式第12号の2（結果報告書）'!AG133 -> 0 | HY2: ='様式第12号の2（結果報告書）'!G135 -> 0 | HZ2: ='様式第12号の2（結果報告書）'!M135 -> 0 | IA2: ='様式第12号の2（結果報告書）'!R135 -> 0 | IB2: ='様式第12号の2（結果報告書）'!R136 -> 0 | IC2: ='様式第12号の2（結果報告書）'!U135 -> 0 | ID2: ='様式第12号の2（結果報告書）'!U136 -> 0 | IE2: ='様式第12号の2（結果報告書）'!X135 -> 0 | IF2: ='様式第12号の2（結果報告書）'!X136 -> 0 | IG2: ='様式第12号の2（結果報告書）'!AA135 -> 0 | IH2: ='様式第12号の2（結果報告書）'!AA136 -> 0 | II2: ='様式第12号の2（結果報告書）'!AD135 -> 0 | IJ2: ='様式第12号の2（結果報告書）'!AD136 -> 0 | IK2: ='様式第12号の2（結果報告書）'!AG135 -> 0 | IL2: ='様式第12号の2（結果報告書）'!G138 -> 0 | IM2: ='様式第12号の2（結果報告書）'!M138 -> 0 | IN2: ='様式第12号の2（結果報告書）'!R138 -> 0 | IO2: ='様式第12号の2（結果報告書）'!R139 -> 0 | IP2: ='様式第12号の2（結果報告書）'!U138 -> 0 | IQ2: ='様式第12号の2（結果報告書）'!U139 -> 0 | IR2: ='様式第12号の2（結果報告書）'!X138 -> 0 | IS2: ='様式第12号の2（結果報告書）'!X139 -> 0 | IT2: ='様式第12号の2（結果報告書）'!AA138 -> 0 | IU2: ='様式第12号の2（結果報告書）'!AA139 -> 0 | IV2: ='様式第12号の2（結果報告書）'!AD138 -> 0 | IW2: ='様式第12号の2（結果報告書）'!AD139 -> 0 | IX2: ='様式第12号の2（結果報告書）'!AG138 -> 0 | IY2: ='様式第12号の2（結果報告書）'!G140 -> 0 | IZ2: ='様式第12号の2（結果報告書）'!M140 -> 0 | JA2: ='様式第12号の2（結果報告書）'!R140 -> 0 | JB2: ='様式第12号の2（結果報告書）'!R141 -> 0 | JC2: ='様式第12号の2（結果報告書）'!U140 -> 0 | JD2: ='様式第12号の2（結果報告書）'!U141 -> 0 | JE2: ='様式第12号の2（結果報告書）'!X140 -> 0 | JF2: ='様式第12号の2（結果報告書）'!X141 -> 0 | JG2: ='様式第12号の2（結果報告書）'!AA140 -> 0 | JH2: ='様式第12号の2（結果報告書）'!AA141 -> 0 | JI2: ='様式第12号の2（結果報告書）'!AD140 -> 0 | JJ2: ='様式第12号の2（結果報告書）'!AD141 -> 0 | JK2: ='様式第12号の2（結果報告書）'!AG140 -> 0 | JL2: ='様式第12号の2（結果報告書）'!G142 -> 0 | JM2: ='様式第12号の2（結果報告書）'!M142 -> 0 | JN2: ='様式第12号の2（結果報告書）'!R142 -> 0 | JO2: ='様式第12号の2（結果報告書）'!R143 -> 0 | JP2: ='様式第12号の2（結果報告書）'!U142 -> 0 | JQ2: ='様式第12号の2（結果報告書）'!U143 -> 0 | JR2: ='様式第12号の2（結果報告書）'!X142 -> 0 | JS2: ='様式第12号の2（結果報告書）'!X143 -> 0 | JT2: ='様式第12号の2（結果報告書）'!AA142 -> 0 | JU2: ='様式第12号の2（結果報告書）'!AA143 -> 0 | JV2: ='様式第12号の2（結果報告書）'!AD142 -> 0 | JW2: ='様式第12号の2（結果報告書）'!AD143 -> 0 | JX2: ='様式第12号の2（結果報告書）'!AG142 -> 0 | JY2: ='様式第12号の2（結果報告書）'!G144 -> 0 | JZ2: ='様式第12号の2（結果報告書）'!M144 -> 0 | KA2: ='様式第12号の2（結果報告書）'!R144 -> 0 | KB2: ='様式第12号の2（結果報告書）'!R145 -> 0 | KC2: ='様式第12号の2（結果報告書）'!U144 -> 0 | KD2: ='様式第12号の2（結果報告書）'!U145 -> 0 | KE2: ='様式第12号の2（結果報告書）'!X144 -> 0 | KF2: ='様式第12号の2（結果報告書）'!X145 -> 0 | KG2: ='様式第12号の2（結果報告書）'!AA144 -> 0 | KH2: ='様式第12号の2（結果報告書）'!AA145 -> 0 | KI2: ='様式第12号の2（結果報告書）'!AD144 -> 0 | KJ2: ='様式第12号の2（結果報告書）'!AD145 -> 0 | KK2: ='様式第12号の2（結果報告書）'!AG144 -> 0 | KL2: ='様式第12号の2（結果報告書）'!G146 -> 0 | KM2: ='様式第12号の2（結果報告書）'!M146 -> 0 | KN2: ='様式第12号の2（結果報告書）'!R146 -> 0 | KO2: ='様式第12号の2（結果報告書）'!R147 -> 0 | KP2: ='様式第12号の2（結果報告書）'!U146 -> 0 | KQ2: ='様式第12号の2（結果報告書）'!U147 -> 0 | KR2: ='様式第12号の2（結果報告書）'!X146 -> 0 | KS2: ='様式第12号の2（結果報告書）'!X147 -> 0 | KT2: ='様式第12号の2（結果報告書）'!AA146 -> 0 | KU2: ='様式第12号の2（結果報告書）'!AA147 -> 0 | KV2: ='様式第12号の2（結果報告書）'!AD146 -> 0 | KW2: ='様式第12号の2（結果報告書）'!AD147 -> 0 | KX2: ='様式第12号の2（結果報告書）'!AG146 -> 0 | KY2: ='様式第12号の2（結果報告書）'!G149 -> 0 | KZ2: ='様式第12号の2（結果報告書）'!M149 -> 0 | LA2: ='様式第12号の2（結果報告書）'!R149 -> 0 | LB2: ='様式第12号の2（結果報告書）'!R150 -> 0 | LC2: ='様式第12号の2（結果報告書）'!U149 -> 0 | LD2: ='様式第12号の2（結果報告書）'!U150 -> 0 | LE2: ='様式第12号の2（結果報告書）'!X149 -> 0 | LF2: ='様式第12号の2（結果報告書）'!X150 -> 0 | LG2: ='様式第12号の2（結果報告書）'!AA149 -> 0 | LH2: ='様式第12号の2（結果報告書）'!AA150 -> 0 | LI2: ='様式第12号の2（結果報告書）'!AD149 -> 0 | LJ2: ='様式第12号の2（結果報告書）'!AD150 -> 0 | LK2: ='様式第12号の2（結果報告書）'!AG149 -> 0 | LL2: ='様式第12号の2（結果報告書）'!G151 -> 0 | LM2: ='様式第12号の2（結果報告書）'!M151 -> 0 | LN2: ='様式第12号の2（結果報告書）'!R151 -> 0 | LO2: ='様式第12号の2（結果報告書）'!R152 -> 0 | LP2: ='様式第12号の2（結果報告書）'!U151 -> 0 | LQ2: ='様式第12号の2（結果報告書）'!U152 -> 0 | LR2: ='様式第12号の2（結果報告書）'!X151 -> 0 | LS2: ='様式第12号の2（結果報告書）'!X152 -> 0 | LT2: ='様式第12号の2（結果報告書）'!AA151 -> 0 | LU2: ='様式第12号の2（結果報告書）'!AA152 -> 0 | LV2: ='様式第12号の2（結果報告書）'!AD151 -> 0 | LW2: ='様式第12号の2（結果報告書）'!AD152 -> 0 | LX2: ='様式第12号の2（結果報告書）'!AG151 -> 0 | LY2: ='様式第12号の2（結果報告書）'!G153 -> 0 | LZ2: ='様式第12号の2（結果報告書）'!M153 -> 0 | MA2: ='様式第12号の2（結果報告書）'!R153 -> 0 | MB2: ='様式第12号の2（結果報告書）'!R154 -> 0 | MC2: ='様式第12号の2（結果報告書）'!U153 -> 0 | MD2: ='様式第12号の2（結果報告書）'!U154 -> 0 | ME2: ='様式第12号の2（結果報告書）'!X153 -> 0 | MF2: ='様式第12号の2（結果報告書）'!X154 -> 0 | MG2: ='様式第12号の2（結果報告書）'!AA153 -> 0 | MH2: ='様式第12号の2（結果報告書）'!AA154 -> 0 | MI2: ='様式第12号の2（結果報告書）'!AD153 -> 0 | MJ2: ='様式第12号の2（結果報告書）'!AD154 -> 0 | MK2: ='様式第12号の2（結果報告書）'!AG153 -> 0 | ML2: ='様式第12号の2（結果報告書）'!G155 -> 0 | MM2: ='様式第12号の2（結果報告書）'!M155 -> 0 | MN2: ='様式第12号の2（結果報告書）'!R155 -> 0 | MO2: ='様式第12号の2（結果報告書）'!R156 -> 0 | MP2: ='様式第12号の2（結果報告書）'!U155 -> 0 | MQ2: ='様式第12号の2（結果報告書）'!U156 -> 0 | MR2: ='様式第12号の2（結果報告書）'!X155 -> 0 | MS2: ='様式第12号の2（結果報告書）'!X156 -> 0 | MT2: ='様式第12号の2（結果報告書）'!AA155 -> 0 | MU2: ='様式第12号の2（結果報告書）'!AA156 -> 0 | MV2: ='様式第12号の2（結果報告書）'!AD155 -> 0 | MW2: ='様式第12号の2（結果報告書）'!AD156 -> 0 | MX2: ='様式第12号の2（結果報告書）'!AG155 -> 0 | MY2: ='様式第12号の2（結果報告書）'!G157 -> 0 | MZ2: ='様式第12号の2（結果報告書）'!M157 -> 0 | NA2: ='様式第12号の2（結果報告書）'!R157 -> 0 | NB2: ='様式第12号の2（結果報告書）'!R158 -> 0 | NC2: ='様式第12号の2（結果報告書）'!U157 -> 0 | ND2: ='様式第12号の2（結果報告書）'!U158 -> 0 | NE2: ='様式第12号の2（結果報告書）'!X157 -> 0 | NF2: ='様式第12号の2（結果報告書）'!X158 -> 0 | NG2: ='様式第12号の2（結果報告書）'!AA157 -> 0 | NH2: ='様式第12号の2（結果報告書）'!AA158 -> 0 | NI2: ='様式第12号の2（結果報告書）'!AD157 -> 0 | NJ2: ='様式第12号の2（結果報告書）'!AD158 -> 0 | NK2: ='様式第12号の2（結果報告書）'!AG157 -> 0 | NL2: ='様式第12号の2（結果報告書）'!G160 -> 0 | NM2: ='様式第12号の2（結果報告書）'!M160 -> 0 | NN2: ='様式第12号の2（結果報告書）'!R160 -> 0 | NO2: ='様式第12号の2（結果報告書）'!R161 -> 0 | NP2: ='様式第12号の2（結果報告書）'!U160 -> 0 | NQ2: ='様式第12号の2（結果報告書）'!U161 -> 0 | NR2: ='様式第12号の2（結果報告書）'!X160 -> 0 | NS2: ='様式第12号の2（結果報告書）'!X161 -> 0 | NT2: ='様式第12号の2（結果報告書）'!AA160 -> 0 | NU2: ='様式第12号の2（結果報告書）'!AA161 -> 0 | NV2: ='様式第12号の2（結果報告書）'!AD160 -> 0 | NW2: ='様式第12号の2（結果報告書）'!AD161 -> 0 | NX2: ='様式第12号の2（結果報告書）'!AG160 -> 0 | NY2: ='様式第12号の2（結果報告書）'!G162 -> 0 | NZ2: ='様式第12号の2（結果報告書）'!M162 -> 0 | OA2: ='様式第12号の2（結果報告書）'!R162 -> 0 | OB2: ='様式第12号の2（結果報告書）'!R163 -> 0 | OC2: ='様式第12号の2（結果報告書）'!U162 -> 0 | OD2: ='様式第12号の2（結果報告書）'!U163 -> 0 | OE2: ='様式第12号の2（結果報告書）'!X162 -> 0 | OF2: ='様式第12号の2（結果報告書）'!X163 -> 0 | OG2: ='様式第12号の2（結果報告書）'!AA162 -> 0 | OH2: ='様式第12号の2（結果報告書）'!AA163 -> 0 | OI2: ='様式第12号の2（結果報告書）'!AD162 -> 0 | OJ2: ='様式第12号の2（結果報告書）'!AD163 -> 0 | OK2: ='様式第12号の2（結果報告書）'!AG162 -> 0 | OL2: ='様式第12号の2（結果報告書）'!G164 -> 0 | OM2: ='様式第12号の2（結果報告書）'!M164 -> 0 | ON2: ='様式第12号の2（結果報告書）'!R164 -> 0 | OO2: ='様式第12号の2（結果報告書）'!R165 -> 0 | OP2: ='様式第12号の2（結果報告書）'!U164 -> 0 | OQ2: ='様式第12号の2（結果報告書）'!U165 -> 0 | OR2: ='様式第12号の2（結果報告書）'!X164 -> 0 | OS2: ='様式第12号の2（結果報告書）'!X165 -> 0 | OT2: ='様式第12号の2（結果報告書）'!AA164 -> 0 | OU2: ='様式第12号の2（結果報告書）'!AA165 -> 0 | OV2: ='様式第12号の2（結果報告書）'!AD164 -> 0 | OW2: ='様式第12号の2（結果報告書）'!AD165 -> 0 | OX2: ='様式第12号の2（結果報告書）'!AG164 -> 0 | OY2: ='様式第12号の2（結果報告書）'!G166 -> 0 | OZ2: ='様式第12号の2（結果報告書）'!M166 -> 0 | PA2: ='様式第12号の2（結果報告書）'!R166 -> 0 | PB2: ='様式第12号の2（結果報告書）'!R167 -> 0 | PC2: ='様式第12号の2（結果報告書）'!U166 -> 0 | PD2: ='様式第12号の2（結果報告書）'!U167 -> 0 | PE2: ='様式第12号の2（結果報告書）'!X166 -> 0 | PF2: ='様式第12号の2（結果報告書）'!X167 -> 0 | PG2: ='様式第12号の2（結果報告書）'!AA166 -> 0 | PH2: ='様式第12号の2（結果報告書）'!AA167 -> 0 | PI2: ='様式第12号の2（結果報告書）'!AD166 -> 0 | PJ2: ='様式第12号の2（結果報告書）'!AD167 -> 0 | PK2: ='様式第12号の2（結果報告書）'!AG166 -> 0 | PL2: ='様式第12号の2（結果報告書）'!G168 -> 0 | PM2: ='様式第12号の2（結果報告書）'!M168 -> 0 | PN2: ='様式第12号の2（結果報告書）'!R168 -> 0 | PO2: ='様式第12号の2（結果報告書）'!R169 -> 0 | PP2: ='様式第12号の2（結果報告書）'!U168 -> 0 | PQ2: ='様式第12号の2（結果報告書）'!U169 -> 0 | PR2: ='様式第12号の2（結果報告書）'!X168 -> 0 | PS2: ='様式第12号の2（結果報告書）'!X169 -> 0 | PT2: ='様式第12号の2（結果報告書）'!AA168 -> 0 | PU2: ='様式第12号の2（結果報告書）'!AA169 -> 0 | PV2: ='様式第12号の2（結果報告書）'!AD168 -> 0 | PW2: ='様式第12号の2（結果報告書）'!AD169 -> 0 | PX2: ='様式第12号の2（結果報告書）'!AG168 -> 0 | PY2: ='様式第12号の2（結果報告書）'!G171 -> 0 | PZ2: ='様式第12号の2（結果報告書）'!M171 -> 0 | QA2: ='様式第12号の2（結果報告書）'!R171 -> 0 | QB2: ='様式第12号の2（結果報告書）'!R172 -> 0 | QC2: ='様式第12号の2（結果報告書）'!U171 -> 0 | QD2: ='様式第12号の2（結果報告書）'!U172 -> 0 | QE2: ='様式第12号の2（結果報告書）'!X171 -> 0 | QF2: ='様式第12号の2（結果報告書）'!X172 -> 0 | QG2: ='様式第12号の2（結果報告書）'!AA171 -> 0 | QH2: ='様式第12号の2（結果報告書）'!AA172 -> 0 | QI2: ='様式第12号の2（結果報告書）'!AD171 -> 0 | QJ2: ='様式第12号の2（結果報告書）'!AD172 -> 0 | QK2: ='様式第12号の2（結果報告書）'!AG171 -> 0 | QL2: ='様式第12号の2（結果報告書）'!G173 -> 0 | QM2: ='様式第12号の2（結果報告書）'!M173 -> 0 | QN2: ='様式第12号の2（結果報告書）'!R173 -> 0 | QO2: ='様式第12号の2（結果報告書）'!R174 -> 0 | QP2: ='様式第12号の2（結果報告書）'!U173 -> 0 | QQ2: ='様式第12号の2（結果報告書）'!U174 -> 0 | QR2: ='様式第12号の2（結果報告書）'!X173 -> 0 | QS2: ='様式第12号の2（結果報告書）'!X174 -> 0 | QT2: ='様式第12号の2（結果報告書）'!AA173 -> 0 | QU2: ='様式第12号の2（結果報告書）'!AA174 -> 0 | QV2: ='様式第12号の2（結果報告書）'!AD173 -> 0 | QW2: ='様式第12号の2（結果報告書）'!AD174 -> 0 | QX2: ='様式第12号の2（結果報告書）'!AG173 -> 0 | QY2: ='様式第12号の2（結果報告書）'!G175 -> 0 | QZ2: ='様式第12号の2（結果報告書）'!M175 -> 0 | RA2: ='様式第12号の2（結果報告書）'!R175 -> 0 | RB2: ='様式第12号の2（結果報告書）'!R176 -> 0 | RC2: ='様式第12号の2（結果報告書）'!U175 -> 0 | RD2: ='様式第12号の2（結果報告書）'!U176 -> 0 | RE2: ='様式第12号の2（結果報告書）'!X175 -> 0 | RF2: ='様式第12号の2（結果報告書）'!X176 -> 0 | RG2: ='様式第12号の2（結果報告書）'!AA175 -> 0 | RH2: ='様式第12号の2（結果報告書）'!AA176 -> 0 | RI2: ='様式第12号の2（結果報告書）'!AD175 -> 0 | RJ2: ='様式第12号の2（結果報告書）'!AD176 -> 0 | RK2: ='様式第12号の2（結果報告書）'!AG175 -> 0 | RL2: ='様式第12号の2（結果報告書）'!G177 -> 0 | RM2: ='様式第12号の2（結果報告書）'!M177 -> 0 | RN2: ='様式第12号の2（結果報告書）'!R177 -> 0 | RO2: ='様式第12号の2（結果報告書）'!R178 -> 0 | RP2: ='様式第12号の2（結果報告書）'!U177 -> 0 | RQ2: ='様式第12号の2（結果報告書）'!U178 -> 0 | RR2: ='様式第12号の2（結果報告書）'!X177 -> 0 | RS2: ='様式第12号の2（結果報告書）'!X178 -> 0 | RT2: ='様式第12号の2（結果報告書）'!AA177 -> 0 | RU2: ='様式第12号の2（結果報告書）'!AA178 -> 0 | RV2: ='様式第12号の2（結果報告書）'!AD177 -> 0 | RW2: ='様式第12号の2（結果報告書）'!AD178 -> 0 | RX2: ='様式第12号の2（結果報告書）'!AG177 -> 0 | RY2: ='様式第12号の2（結果報告書）'!G179 -> 0 | RZ2: ='様式第12号の2（結果報告書）'!M179 -> 0 | SA2: ='様式第12号の2（結果報告書）'!R179 -> 0 | SB2: ='様式第12号の2（結果報告書）'!R180 -> 0 | SC2: ='様式第12号の2（結果報告書）'!U179 -> 0 | SD2: ='様式第12号の2（結果報告書）'!U180 -> 0 | SE2: ='様式第12号の2（結果報告書）'!X179 -> 0 | SF2: ='様式第12号の2（結果報告書）'!X180 -> 0 | SG2: ='様式第12号の2（結果報告書）'!AA179 -> 0 | SH2: ='様式第12号の2（結果報告書）'!AA180 -> 0 | SI2: ='様式第12号の2（結果報告書）'!AD179 -> 0 | SJ2: ='様式第12号の2（結果報告書）'!AD180 -> 0 | SK2: ='様式第12号の2（結果報告書）'!AG179 -> 0 | SL2: ='様式第12号の2（結果報告書）'!AA182 -> 0 | SM2: ='様式第12号の2（結果報告書）'!AA183 -> 0 | SN2: ='様式第12号の2（結果報告書）'!AA184 -> 0 | SO2: ='様式第12号の2（結果報告書）'!AF183 | SP2: ='様式第12号の2（結果報告書）'!AA192 -> 0 | SQ2: ='様式第12号の2（結果報告書）'!AA193 -> 0 | SR2: ='様式第12号の2（結果報告書）'!AA194 -> 0
